 Seeded DCSS version 0.29-a0-284-gf9362112df (webtiles) character file.

Game seed: 10898707918651901846 (custom seed)

16 gzilladon the Chopper (level 2, 0/27 HPs)
             Began as a Hill Orc Monk on Apr 1, 2022.
             Slain by an orc wizard
             ... wielding a +0 dagger
              (2 damage)
             ... on level 5 of the Dungeon.
             The game lasted 00:01:44 (500 turns).

gzilladon the Chopper (Hill Orc Monk)                Turns: 500, Time: 00:01:44

Health: 0/27       AC: 11    Str: 13    XL:     2   Next: 54%
Magic:  2/2        EV:  3    Int: 10    God:
Gold:   75         SH:  0    Dex: 13    Spells: 1/1 levels left

rFire   . . .      SeeInvis .   a - +0 hand axe
rCold   . . .      Faith    .   (no shield)
rNeg    . . .      Spirit   .   j - +0 plate armour
rPois   .          Reflect  .   (no helmet)
rElec   .          Harm     .   (no cloak)
rCorr   .          Rampage  .   f - +0 pair of gloves
Will    .....                   (no boots)
Stlth   ..........              (no amulet)
HPRegen 0.09/turn               (no ring)
MPRegen 0.08/turn               (no ring)

@: confused
A: no striking features
a: no special abilities


You were on level 5 of the Dungeon.
You visited 1 branch of the dungeon, and saw 5 of its levels.

You collected 75 gold pieces.

Inventory:

Hand Weapons
 a - a +0 hand axe (weapon)
Missiles
 g - 11 stones (quivered)
 h - 2 poisoned darts
Armour
 b - a +0 robe
 f - a +0 pair of gloves (worn)
 j - a +0 plate armour (worn)
Scrolls
 d - a scroll of identify {unknown}
 e - a scroll of teleportation {unknown}
 i - a scroll of magic mapping {unknown}
Potions
 c - a potion of ambrosia


   Skills:
 + Level 3.8 Fighting
 * Level 4.8 Axes
 + Level 2.5 Dodging
 + Level 1.6 Stealth


You had one spell level left.
You didn't know any spells.
Your spell library contained the following spells:

 Spells                   Type           Power      Damage    Failure   Level
 Beastly Appendage        Tmut           0%         N/A       100%        1
 Wereblood                Tmut           0%         N/A       100%        2
 Spider Form              Tmut/Pois      0%         N/A       100%        3


Dungeon Overview and Level Annotations

Branches:
Dungeon (5/15)
 Temple: D:4-7

Altars:
The Shining One


Message History

The orc wizard casts a spell.
The orc wizard flickers and vanishes!
The white imp hits you but does no damage.
You hit the white imp.
The white imp is almost dead.
The white imp gestures at you. The puff of frost hits you.
The white imp completely misses you.
You hit the white imp.
You kill the white imp!
You hit something. Something hits you but does no damage.
You hit something. Something hits you.
You hear some strange, mumbled words.
A puff of flame appears from out of thin air!
The puff of flame hits something.
You barely miss something.
You hear some strange, mumbled words.
A magic dart appears from out of thin air!
The magic dart hits you.
You closely miss something. Something hits you but does no damage.
You closely miss something.
You hear some strange, mumbled words.
A magic dart appears from out of thin air!
The magic dart hits you!
* * * LOW HITPOINT WARNING * * *
You barely miss something.
You hear some strange, mumbled words.
You are confused.
You barely miss something. Something hits you but does no damage.
You bump into the rock wall.
Something hits you but does no damage.
You bump into the rock wall.
You hear some strange, mumbled words.
You are more confused.
You closely miss something. Something hits you.
* * * LOW HITPOINT WARNING * * *
You hear some strange, mumbled words.
A magic dart appears from out of thin air!
The magic dart hits you.
* * * LOW HITPOINT WARNING * * *
You bump into the rock wall.
Something hits you.
You die...

#.# #########
....... ..... ...
### #.# .......##
#.# #.....).# #@#
#.......# #{#
.#.......# #{#
.........# #o#
.........######o#
≈≈≈≈≈≈≈.ooo.....#
#≈<...o...##
#≈..##....#
#≈..#....##


You could see 2 orcs.

Vanquished Creatures
  A white imp (D:5)
  An orc (D:4)
  An endoplasm (D:1)
  A goblin (D:1)
  A hobgoblin (D:1)
  A quokka (D:1)
  A ball python (D:3)
  A bat (D:1)
8 creatures vanquished.

Notes
Turn   | Place    | Note
-------+----------+-------------------------------------------
     0 | D:1      | gzilladon the Hill Orc Monk began the quest for the Orb.
     0 | D:1      | Reached XP level 1. HP: 19/19 MP: 1/1
   267 | D:3      | Found a glowing golden altar of the Shining One.
   277 | D:3      | Reached XP level 2. HP: 27/27 MP: 2/2
   459 | D:5      | Entered Level 5 of the Dungeon
   500 | D:5      | Slain by an orc wizard

Illustrated notes

Levels and vault maps discovered:
D:1:      dpeg_arrival_stonehenge_12_columns, layout_basic
D:2:      layout_basic, basic_altar, uniq_natasha
D:3:      layout_basic, yredelemnul_altar_generic, mainiacjoe_overflow_paths,
          nzn_hepliaklqana_mist_gate, kennysheep_generic_room_16
D:4:      layout_loops_ring, zin_treasury
D:5:      layout_cave_pools, gammafunk_ghost_arena, serial_co_window_serial,
          co_window_paths_a, co_window_paths_b, co_window_paths_a,
          co_window_corner_a, co_window_corner_a, co_window_broadway_b,
          co_window_2corner, co_window_2corner, co_window_2corner,
          co_window_2corner, minivault_26, chequers_serial_rivers_micro_c,
          minmay_crystal_water

Action                   || total
-------------------------++-------
Melee: Hand axe          ||    36
 Stab: Sleeping          ||     1
Armor: Plate armour      ||    14
Dodge: Dodged            ||    15

Table legend: (Time is in decaauts)
 A = Elapsed time spent in this place.
 B = Non-inter-level travel time spent in this place.
 C = Inter-level travel time spent in this place.
 D = Time resting spent in this place.
 E = Time spent auto-exploring this place.
 F = Levels seen in this place.
 G = Mean time per level.
                   A        B        C        D        E       F      G
               +--------+--------+--------+--------+--------+-----+--------+
         Total |    501 |    493 |      8 |     18 |      0 |   5 |  100.2 |
       Dungeon |    501 |    493 |      8 |     18 |      0 |   5 |  100.2 |
               +--------+--------+--------+--------+--------+-----+--------+

Top non-repeatable levels by time:
     D:1: 245 daAuts
     D:4: 151 daAuts
     D:3: 56 daAuts
     D:5: 42 daAuts
     D:2: 6 daAuts
